 Dungeon Crawl Stone Soup version 0.28-a0-925-gd5e1996cdb (webtiles) character file.

Game seed: 7421837820523944630

9 kae the Skirmisher (level 2, 0/24 HPs)
             Began as a Demonspawn Abyssal Knight on Nov 26, 2021.
             Was an Initiate of Lugonu.
             Slain by a kobold (3 damage)
             ... on level 1 of the Dungeon.
             The game lasted 00:00:37 (285 turns).

kae the Skirmisher (Demonspawn Abyssal Knight)       Turns: 285, Time: 00:00:38

Health: 0/24       AC:  4    Str: 13    XL:     2   Next: 6%
Magic:  4/4        EV: 11    Int: 11    God:    Lugonu [......]
Gold:   0          SH:  0    Dex: 13    Spells: 1/1 levels left

rFire   + . .      SeeInvis .   a - +1 mace
rCold   + . .      Faith    .   (no shield)
rNeg    . . .      Spirit   .   b - +0 leather armour
rPois   +          Reflect  .   (no helmet)
rElec   +          Harm     .   (no cloak)
rCorr   +          Rampage  .   (no gloves)
Will    .....                   e - +0 pair of boots
Stlth   +.........              (no amulet)
HPRegen 0.08/turn               (no ring)
MPRegen 0.09/turn               (no ring)

@: lethally poisoned (0 -> -3), resistant
A: powered by pain 1
a: Renounce Religion


You were on level 1 of the Dungeon.
You worshipped Lugonu.
Lugonu was noncommittal.
You visited 1 branch of the dungeon, and saw 1 of its levels.
You visited the Abyss 1 time.

Inventory:

Hand Weapons
 a - a +1 mace (weapon)
Armour
 b - a +0 leather armour (worn)
 e - a +0 pair of boots (worn)
Scrolls
 d - a scroll of teleportation {unknown}


   Skills:
 + Level 3.1 Fighting
 + Level 1.9 Maces & Flails
 + Level 2.0 Armour
 + Level 1.1 Dodging
 + Level 2.7 Invocations


You had one spell level left.
You didn't know any spells.
Your spell library was empty.

Dungeon Overview and Level Annotations

Branches:
Dungeon (1/15)

Altars:


Innate Abilities, Weirdness & Mutations

You sometimes gain a little power by taking damage.


Message History

No target in view!
d - a scroll labelled MEQUXZOROG You see here a +0 pair of boots.
You start putting on your armour.
You continue putting on your +0 pair of boots. x4
You finish putting on your +0 pair of boots.
Found a stone staircase leading down.
There is a stone staircase leading down here.
A quokka and a kobold come into view.
The kobold is wielding a +1 short sword of venom.
Found 20 bolts.
There are monsters nearby!
You closely miss the kobold.
The kobold hits you with a +1 short sword of venom. x2
You are too injured to fight recklessly!
You are too injured to fight recklessly!
You are too injured to fight recklessly!
You are too injured to fight recklessly!
You are too injured to fight recklessly!
You hit the kobold but do no damage.
The kobold hits you with a +1 short sword of venom.
You are poisoned.
You hit the kobold.
The kobold is severely wounded.
You feel very sick. The kobold completely misses you.
It was a potion of resistance.
You feel protected.
* * * LOW HITPOINT WARNING * * *
You feel sick. The kobold barely misses you.
You barely miss the kobold.
The kobold is severely wounded.
You feel sick. The kobold barely misses you.
You miss the kobold.
The kobold is heavily wounded.
You feel sick.
The kobold hits you with a +1 short sword of venom.
* * * LOW HITPOINT WARNING * * *
The kobold hits you with a +1 short sword of venom.
You die...

.# #.# .# #.# .# #.# .#
#.# .# #.#
.###.########### #
...........>...# ###.#.#
.###.#########.##......#
.# #.# #.....@K.# .# #.#
#.##.##..# .# #.# # #...
..# .# #.# #..#...# .#
#.# #..#...# .# #.# #..#
..# .# #.# #..# .(. .#
#.# #.r# #.##
.###.######.


You could see a kobold.

Vanquished Creatures
  A dart slug (D:1)
  A giant cockroach (D:1)
  2 goblins (D:1)
  2 frilled lizards (D:1)
  A kobold (D:1)
  A rat (D:1)
8 creatures vanquished.

Notes
Turn   | Place    | Note
-------+----------+-------------------------------------------
     0 | Abyss:1  | kae the Demonspawn Abyssal Knight began the quest for the
                  | Orb.
     0 | Abyss:1  | Reached XP level 1. HP: 18/18 MP: 2/2
    38 | Abyss:1  | Noticed a chaos spawn
    40 | D:1      | Escaped the Abyss
   197 | D:1      | Reached skill level 1 in Dodging
   225 | D:1      | Gained mutation: You sometimes gain a little power by
                  | taking damage. [demonic ancestry]
   225 | D:1      | Reached XP level 2. HP: 23/24 MP: 4/4
   285 | D:1      | Slain by a kobold

Illustrated notes

Levels and vault maps discovered:
D:1:      psy_arrival_radial01, layout_basic

Skill      XL: |  1  2 |
---------------+-------+-----
Dodging        | 1 |  1.1
Armour         | 2 |  2.0
Fighting       | |  3.1
Maces & Flails | |  1.9
Invocations    | |  2.7

Action                   || total
-------------------------++-------
Melee: Mace              ||    24
Invok: Depart the Abyss  ||     1
  Use: Potion            ||     1
Armor: Leather armour    ||     3
Dodge: Dodged            ||    15

Table legend: (Time is in decaauts)
 A = Elapsed time spent in this place.
 B = Non-inter-level travel time spent in this place.
 C = Inter-level travel time spent in this place.
 D = Time resting spent in this place.
 E = Time spent auto-exploring this place.
 F = Levels seen in this place.
 G = Mean time per level.
                   A        B        C        D        E       F      G
               +--------+--------+--------+--------+--------+-----+--------+
         Total |    291 |    291 |      0 |      0 |    220 |   2 |  145.5 |
       Dungeon |    251 |    251 |      0 |      0 |    182 |   1 |  251.0 |
         Abyss |     40 |     40 |      0 |      0 |     38 |   1 |   40.0 |
               +--------+--------+--------+--------+--------+-----+--------+

Top non-repeatable levels by time:
     D:1: 251 daAuts
 Abyss:1: 40 daAuts
